 Dungeon Crawl Stone Soup version 0.22.1-2-g9c5b331383 (webtiles) character file.

5275 Pocketmage the Bolt Thrower (level 10, -6/98 HPs)
             Began as a Troll Hunter on Nov 30, 2018.
             Was a Priest of Okawaru.
             Mangled by a meliai zombie (8 damage)
             ... on level 9 of the Dungeon.
             The game lasted 00:42:32 (6933 turns).

Pocketmage the Bolt Thrower (Troll Hunter)          Turns: 6933, Time: 00:42:33

Health: -6/98      AC:  6    Str: 22    XL:     10   Next: 36%
Magic:  9/9        EV: 13    Int:  7    God:    Okawaru [***...]
Gold:   545        SH:  0    Dex: 13    Spells: 9/9 levels left

rFire    . . .     SeeInvis .     - Unarmed
rCold    . . .     Gourm    +   (no shield)
rNeg     + . .     Faith    .   c - +0 robe
rPois    .         Spirit   .   (helmet restricted)
rElec    .         Reflect  .   w - +0 cloak
rCorr    .         Harm     .   (gloves unavailable)
MR       +....                  (boots unavailable)
Stlth    +.........             (no amulet)
HPRegen  0.66/turn              y - ring of protection from magic
MPRegen  0.11/turn              D - ring of positive energy

@: no status effects
A: large, unfitting armour, claws 3, fast metabolism 3, gourmand, regeneration
1, shaggy fur 1, tough skin 2
a: Heroism, Renounce Religion


You were on level 9 of the Dungeon.
You worshipped Okawaru.
Okawaru was most pleased with you.
You were completely stuffed.

You visited 2 branches of the dungeon, and saw 10 of its levels.

You collected 545 gold pieces.

Inventory:

Hand Weapons
 a - a +1 hand crossbow
Missiles
 d - 49 bolts
Armour
 c - a +0 robe (worn)
 w - a +0 cloak (worn)
Jewellery
 y - a ring of protection from magic (left claw)
 D - a ring of positive energy (right claw)
 J - the ring "Akhleehu" {rPois Str+2 Int+4 Dex+4 Stlth-, unknown}
   (You found it on level 8 of the Dungeon)

   [ring of strength]

   It affects your strength (+2).
   It affects your intelligence (+4).
   It affects your dexterity (+4).
   It protects you from poison.
   It makes you less stealthy.
Wands
 o - a wand of random effects (27)
 p - a wand of iceblast (6)
 u - a wand of polymorph (13)
 z - a wand of flame (7)
 G - a wand of paralysis (22)
Scrolls
 g - 2 scrolls of immolation {unknown}
 h - 4 scrolls of identify
 i - a scroll of teleportation {unknown}
 l - 2 scrolls of fog {unknown}
 q - 2 scrolls of fear {unknown}
 s - 4 scrolls of remove curse
 t - 3 scrolls of magic mapping {unknown}
 v - a scroll of amnesia
 x - 3 scrolls of blinking {unknown}
 A - a scroll of noise {unknown}
 B - a scroll of enchant weapon {unknown}
 F - 2 scrolls of enchant armour {unknown}
 I - a scroll of vulnerability {unknown}
Potions
 e - a potion of ambrosia
 j - a potion of haste
 k - 2 potions of berserk rage
 m - a potion of invisibility {unknown}
 n - a potion of mutation {unknown}
 r - 4 potions of curing
 C - a potion of resistance {unknown}
 E - 2 potions of lignification {unknown}
 H - a potion of degeneration {unknown}
Comestibles
 f - 18 rations
 K - 32 chunks of flesh


   Skills:
 + Level 6.0 Fighting
 * Level 7.4 Crossbows
 + Level 6.0 Dodging
 - Level 0.3 Stealth
 + Level 6.7 Unarmed Combat


You had 9 spell levels left.
You didn't know any spells.
Your spell library contained the following spells:

 Spells                   Type           Power        Failure   Level  Hunger
 Beastly Appendage        Tmut           #.....       43%         1    ##.....
 Summon Small Mammal      Summ           #...         43%         1    ##.....
 Call Imp                 Summ           #.......     56%         2    ###....
 Sticks to Snakes         Tmut           #.......     56%         2    ###....
 Call Canine Familiar     Summ           #.......     80%         3    ####...
 Spider Form              Tmut/Pois      #.........   80%         3    ####...
 Summon Guardian Golem    Hex/Summ       #.......     80%         3    ####...
 Ice Form                 Ice/Tmut       #.......     99%         4    #####..
 Summon Ice Beast         Ice/Summ       #.......     99%         4    #####..
 Summon Lightning Spire   Summ/Air       #.......     99%         4    #####..
 Blade Hands              Tmut           #.........   100%        5    ######.


Dungeon Overview and Level Annotations

Branches:
Dungeon (9/15)             Temple (1/1) D:6             Orc (0/2) D:9
   Lair: D:8-11

Altars:
Ashenzari
Cheibriados
Dithmenos
Elyvilon
Fedhas
Gozag
Hepliaklqana
Kikubaaqudgha
Makhleb
Nemelex Xobeh
Okawaru
Qazlal
Ru
Sif Muna
Trog
Uskayaw
Vehumet
Wu Jian
Xom
Yredelemnul
Zin
The Shining One
Beogh

Shops:
D:8 %

Annotations:
D:6 2 runed doors, Mercurio's ghost, novice FoFi
D:9 3 runed doors, Elric's ghost, novice GrFi


Innate Abilities, Weirdness & Mutations

You are too large for most types of armour.
You have claws for hands.
Your metabolism is lightning-fast.
You like to eat raw meat.
Your natural rate of healing is unusually fast.
You are covered in fur. (AC +1)
You have very tough skin. (AC +2)


Message History

The meliai zombie hits you but does no damage.
The meliai zombie hits you.
* * * LOW HITPOINT WARNING * * *
The troll closely misses you. The troll claws you!
* * * LOW HITPOINT WARNING * * *
The troll completely misses you. The meliai zombie hits you.
* * * LOW HITPOINT WARNING * * *
The meliai zombie closely misses you.
You feel much better. The meliai zombie barely misses you. x2
The troll bites you. The troll claws you!
* * * LOW HITPOINT WARNING * * *
The troll claws you!
* * * LOW HITPOINT WARNING * * *
Okay, then.
You scratch the troll.
The troll is almost dead.
The meliai zombie hits you!
* * * LOW HITPOINT WARNING * * *
The meliai zombie hits you!
You die...

#(..(.+.....).####8'8#####8
#.$.(.+.......).))(........
#.(...#.......#.))..##.....
#.8..W#.......####...'.....
########......# #####.....
#......# #..... #......#
####'# ###Z#### .# #@# ##
#T# .(. ..... ...(...
#........ #..(.....#
#...(<...#


You could see a troll and a meliai zombie.

Vanquished Creatures
  Pikel (D:5)
  A troll (D:9)
  2 hippogriffs
  A spriggan (D:8)
  A wyvern (D:7)
  A hungry ghost (D:9)
  Eustachio (D:5)
  A water moccasin (D:9)
  4 orc warriors
  An ice beast (D:5)
  2 slaves (D:5)
  3 sky beasts
  An eye of draining (D:8)
  3 phantoms
  4 ogres
  5 centaurs
  5 bullfrogs
  Blork the orc (D:5)
  3 scorpions
  A howler monkey (D:9)
  2 crimson imps
  4 jellies
  6 orc priests
  2 bullfrog skeletons
  6 hounds
  2 centaur skeletons
  Jessica (D:3)
  An iguana (D:8)
  6 orc wizards
  6 worker ants
  A hound skeleton (D:4)
  A howler monkey skeleton (D:7)
  7 adders
  A shadow imp (D:6)
  4 worms
  A dart slug (D:1)
  2 leopard geckos
  41 orcs
  A giant cockroach (D:5)
  5 goblins
  9 hobgoblins
  4 jackals
  3 quokkas
  4 bats
  6 frilled lizards
  A jackal zombie (D:7)
  8 kobolds
  A leopard gecko skeleton (D:4)
  8 rats
186 creatures vanquished.

Notes
Turn   | Place    | Note
-------+----------+-------------------------------------------
     0 | D:1      | Pocketmage the Troll Hunter began the quest for the Orb.
     0 | D:1      | Reached XP level 1. HP: 19/19 MP: 0/0
   162 | D:1      | Reached XP level 2. HP: 28/28 MP: 1/1
   297 | D:1      | You fall through a shaft!
   383 | D:2      | Reached skill level 3 in Crossbows
   383 | D:2      | Reached skill level 1 in Unarmed Combat
   469 | D:1      | Reached XP level 3. HP: 35/35 MP: 2/2
   643 | D:1      | You fall through a shaft!
   981 | D:2      | Found a bloodstained altar of Trog.
  1051 | D:2      | Found a shimmering altar of Xom.
  1488 | D:3      | Reached XP level 4. HP: 37/42 MP: 3/3
  1589 | D:3      | Noticed Jessica
  1590 | D:3      | Killed Jessica
  1669 | D:3      | Reached XP level 5. HP: 50/50 MP: 4/4
  2374 | D:4      | Found a burning altar of Makhleb.
  2379 | D:4      | Reached XP level 6. HP: 53/59 MP: 5/5
  2552 | D:4      | Reached skill level 4 in Crossbows
  2766 | D:4      | Reached XP level 7. HP: 66/67 MP: 6/6
  3103 | D:4      | Found a radiant altar of Vehumet.
  3383 | D:5      | Entered Level 5 of the Dungeon
  3383 | D:5      | Noticed Blork the orc
  3390 | D:5      | Killed Blork the orc
  3714 | D:5      | Reached XP level 8. HP: 76/78 MP: 7/7
  3720 | D:5      | Reached skill level 5 in Crossbows
  3774 | D:5      | Found a deep blue altar of Sif Muna.
  3809 | D:5      | Noticed Pikel
  3814 | D:5      | Noticed Eustachio
  3849 | D:5      | Killed Pikel
  3889 | D:5      | Killed Eustachio
  4270 | D:6      | Found a bloodstained altar of Trog.
  4278 | D:6      | Found a large runed door.
  4278 | D:6      | Found a large runed door.
  4289 | D:6      | Noticed Mercurio's ghost (novice FoFi)
  4313 | D:6      | Reached skill level 5 in Unarmed Combat
  4332 | D:6      | Reached XP level 9. HP: 83/85 MP: 8/8
  4430 | D:6      | Reached skill level 6 in Crossbows
  4510 | D:6      | Found a hide-covered altar of Uskayaw.
  4510 | D:6      | Found a glowing silver altar of Zin.
  4511 | D:6      | Found a shadowy altar of Dithmenos.
  4803 | D:6      | Found a staircase to the Ecumenical Temple.
  4812 | Temple   | Entered the Ecumenical Temple
  5024 | Temple   | Became a worshipper of Warmaster Okawaru
  5345 | D:7      | Reached skill level 5 in Fighting
  5383 | D:7      | Reached skill level 5 in Dodging
  5411 | D:7      | Found a sacrificial altar of Ru.
  5412 | D:7      | Found a hazy altar of Hepliaklqana.
  5770 | D:7      | Reached * piety under Okawaru
  5919 | D:8      | Got a brightly glowing steel ring
  5941 | D:8      | Found an ancient bone altar of Kikubaaqudgha.
  6018 | D:8      | Reached ** piety under Okawaru
  6053 | D:7      | Reached skill level 7 in Crossbows
  6273 | D:8      | Reached XP level 10. HP: 97/97 MP: 9/9
  6412 | D:8      | Found Savyar's Food Emporium.
  6451 | D:8      | Found a shattered altar of Ashenzari.
  6709 | D:9      | Reached *** piety under Okawaru
  6815 | D:9      | Found a runed gate.
  6815 | D:9      | Found a runed gate.
  6815 | D:9      | Noticed Elric's ghost (novice GrFi)
  6818 | D:9      | Found a runed gate.
  6837 | D:9      | Found a roughly hewn altar of Beogh.
  6837 | D:9      | Found a staircase to the Orcish Mines.
  6933 | D:9      | HP: 2/98 [meliai zombie (8)]
  6933 | D:9      | Mangled by a meliai zombie

Skill      XL: |  1  2  3  4  5  6  7  8  9 10 |
---------------+-------------------------------+-----
Crossbows      | 3 4 5 7 |  7.4
Unarmed Combat | 1 2 3 5 6 |  6.7
Fighting       | 2 3 4 5 6 |  6.0
Dodging        | 2 3 4 5 6 |  6.0
Stealth        | |  0.3

Action                   |  1- 3 |  4- 6 |  7- 9 | 10-12 || total
-------------------------+-------+-------+-------+-------++-------
Melee: Unarmed           |    47 |    28 |   189 |    80 ||   344
       Punch             |       |       |     3 |     2 ||     5
 Fire: Hand crossbow     |    39 |    69 |   162 |    70 ||   340
  Use: Scroll            |       |     3 |     5 |       ||     8
       Potion            |       |       |     2 |     3 ||     5
  Eat: Chunk             |    11 |    20 |    32 |    15 ||    78
Armor: Robe              |    10 |    18 |    54 |    28 ||   110
Dodge: Dodged            |    16 |    37 |   130 |    66 ||   249
